 Dungeon Crawl Stone Soup version 0.29-a0-106-g0a07039d5a (webtiles) character file.

Game seed: 14372588042496465501

14771 YayAnonymity the Cleaver (level 12, -6/145 HPs)
             Began as a Gnoll Berserker on Feb 16, 2022.
             Was an Elder of Trog.
             Engulfed by a death drake's foul pestilence (11 damage)
             ... in a Gauntlet on Feb 17, 2022.
             The game lasted 00:30:38 (11192 turns).

YayAnonymity the Cleaver (Gnoll Berserker)         Turns: 11192, Time: 00:30:38

Health: -6/145     AC: 20    Str: 21    XL:     12   Next: 20%
Magic:  22/22      EV: 12    Int:  6    God:    Trog [****..]
Gold:   270        SH: 10    Dex: 13    Spells: 25/25 levels left

rFire   . . .      SeeInvis .   a - +2 falchion (elec)
rCold   + + .      Faith    .   J - +0 kite shield
rNeg    + + .      Spirit   .   m - +5 scale mail of the Harp {rC+ rN++}
rPois   .          Reflect  .   h - +0 helmet
rElec   .          Harm     .   F - +2 cloak {Stlth+}
rCorr   .          Rampage  .   C - +0 pair of gloves
Will    +++..      NoTele   +   K - +0 pair of boots
Stlth   ..........              t - amulet of regeneration
HPRegen 2.14/turn               o - ring of protection from cold
MPRegen 0.18/turn               w - ring of willpower

@: berserking, lethally poisoned (-6 -> -39), strong-willed, regenerating,
slowed
A: fangs 1, strong nose, distributed training
a: Renounce Religion, Berserk, Trog's Hand, Brothers in Arms


You were in a Gauntlet.
You worshipped Trog.
Trog was greatly pleased with you.
You visited 2 branches of the dungeon, and saw 13 of its levels.
You also visited: Gauntlet.

You collected 577 gold pieces.
You spent 307 gold pieces at shops.

Inventory:

Hand Weapons
 a - a +2 falchion of electrocution (weapon)
 b - a +4 whip of electrocution
 D - a +0 battleaxe of freezing
Missiles
 f - 2 throwing nets
 i - 12 javelins
 s - 11 boomerangs
 u - 23 poisoned darts (quivered)
 z - 5 curare-tipped darts
 G - 2 silver boomerangs
Armour
 g - a +2 scale mail of willpower
 h - a +0 helmet (worn)
 m - the +5 scale mail of the Harp (worn) {rC+ rN++}
   (You found it on level 2 of the Dungeon)

   rC:        It protects you from cold.
   rN:        It greatly protects you from negative energy.
 C - a +0 pair of gloves (worn)
 F - a +2 cloak of stealth (worn)
 J - a +0 kite shield (worn)
 K - a +0 pair of boots (worn)
Jewellery
 o - a ring of protection from cold (left hand)
 t - an amulet of regeneration (around neck)
 w - a ring of willpower (right hand)
Wands
 r - a wand of digging (8)
 A - a wand of polymorph (8)
 I - a wand of acid (6)
 M - a wand of iceblast (7)
Scrolls
 c - 6 scrolls of teleportation
 p - a scroll of noise
 v - a scroll of holy word
 x - a scroll of enchant armour
 y - a scroll of blinking
 E - a scroll of enchant weapon
 H - 2 scrolls of fear
Potions
 d - a potion of heal wounds {unknown}
 e - 2 potions of attraction
 j - 6 potions of curing
 k - a potion of berserk rage
 l - 2 potions of mutation
 n - 6 potions of lignification
 q - a potion of magic
 B - 3 potions of might
 L - 3 potions of flight


   Skills:
 + Level 9.7 Fighting
 + Level 7.0 Short Blades
 + Level 7.0 Long Blades
 + Level 9.7 Axes
 + Level 7.0 Maces & Flails
 + Level 7.0 Polearms
 + Level 7.0 Staves
 + Level 7.0 Slings
 + Level 7.0 Bows
 + Level 7.0 Crossbows
 + Level 7.0 Throwing
 + Level 8.5 Armour
 + Level 8.5 Dodging
 + Level 7.0 Stealth
 + Level 7.0 Shields
 + Level 7.0 Unarmed Combat
 + Level 7.0 Spellcasting
 + Level 5.8 Conjurations
 + Level 5.8 Hexes
 + Level 5.8 Summonings
 + Level 5.8 Necromancy
 + Level 5.8 Translocations
 + Level 5.8 Transmutations
 + Level 5.8 Fire Magic
 + Level 5.8 Ice Magic
 + Level 5.8 Air Magic
 + Level 5.8 Earth Magic
 + Level 5.8 Poison Magic
 + Level 7.7 Invocations
 + Level 7.0 Evocations


You had 25 spell levels left.
You didn't know any spells.
Your spell library was empty.

Dungeon Overview and Level Annotations

Branches:
Dungeon (12/15)            Temple (1/1) D:7            Lair (0/6) D:11
Gauntlet (1/1)
    Orc: D:9-12

Altars:
Ashenzari
Cheibriados
Dithmenos
Elyvilon
Fedhas
Gozag
Hepliaklqana
Kikubaaqudgha
Makhleb
Nemelex Xobeh
Okawaru
Qazlal
Ru
Sif Muna
Trog
Uskayaw
Vehumet
Wu Jian
Xom
Yredelemnul
Zin
The Shining One

Shops:
D:4 (   D:7 [   D:9 ?

Annotations:
Gauntlet 9 transporters, 3 runed translucent doors


Innate Abilities, Weirdness & Mutations

You have very sharp teeth.
Your uncanny sense of smell can sniff out nearby items.
Your experience applies equally to all skills.


Message History

The death drake bites you but does no damage.
You block the spectral centaur warrior's attack. x2
The death drake bites you.
* * * LOW HITPOINT WARNING * * *
Your black bear goes berserk!
You feel very sick. The spectral centaur warrior hits you!
* * * LOW HITPOINT WARNING * * *
The spectral centaur warrior barely misses you.
You block the death drake's attack.
The spectral centaur warrior hits you but does no damage.
You block the spectral centaur warrior's attack.
The death drake bites you.
* * * LOW HITPOINT WARNING * * *
The spectral centaur warrior misses you.
The spectral centaur warrior kicks you but does no damage.
A red film seems to cover your vision as you go berserk!
You feel yourself moving faster!
You feel mighty!
You feel very sick. The death drake breathes miasma at you.
The foul vapour engulfs you!
You are lethally poisoned!
* * * LOW HITPOINT WARNING * * *
The spectral centaur warrior barely misses you.
The spectral centaur warrior kicks you but does no damage.
Your black bear is engulfed in dark miasma.
Your black bear is poisoned.
Your black bear seems to slow down.
The spectral centaur warrior hits you but does no damage.
The spectral centaur warrior completely misses you.
The death drake closely misses you.
Your black bear is engulfed in dark miasma.
Your black bear looks even sicker.
Your black bear seems to slow down.
You are too injured to fight recklessly!
You are too injured to fight recklessly!
You are too injured to fight recklessly!
You hit the death drake.
The death drake is lightly wounded.
You are engulfed in dark miasma.
You are more poisoned.
You die...

P..P.#..'##..#..P≈≈≈≈≈P..#.#≈≈≈#.
.P.♣.###(..###...#≈#≈#P..#.#####.
P....####©####......PP...#hD$©$.^
P♣.#############...♣P..##########
...#©....©....©#.......#©....©...
###################.#############
#...WWWW#.##.#Z#.##.#^......#.#..
####.####.#.#.#Z#°#.#..####.#.#.#
#W.#.#..#.##.#°#@##.#.#..^#.#.#.#
#W##©##.#.#.#.#k#h#.#4#.©.#.#.#..
#W#W..#.#.##.#Z#.##.#.#^..#.#.#h#
#.#...#.#.#.#°#)#.#.#.####..#.#h#
#.((©[..#.##°#©#)##.#.)=©.$^#.#2[
#########.#########.#########.###
.................................
.♣P..♣..P♣P.P♣P..........♣P.P♣...
..............P....∩.............


You could see a death drake (catching breath), an ice devil, 2 spectral centaur
warriors, a centaur warrior zombie and a friendly black bear (summoned, berserk,
very poisoned, slow).

Vanquished Creatures
  A hydra (D:11)
  A catoblepas (Gauntlet)
  2 two-headed ogres
  A soul eater (Gauntlet)
  Nergalle (D:10)
  An ugly thing (D:10)
  3 gargoyles
  A kobold demonologist (D:10)
  2 hellwings (D:8)
  A hornet (D:10)
  Sigmund (D:2)
  A meliai zombie (D:8)
  A shadow (D:10)
  2 wraiths
  9 yaks (D:10)
  2 steam dragons (D:10)
  A basilisk (D:12)
  Menkaure (D:5)
  2 water moccasins (D:6)
  7 orc warriors
  A sky beast (D:8)
  3 ogres
  An ice beast (D:7)
  2 black bears (D:7)
  3 centaurs
  3 kobold brigands
  A gnoll sergeant (D:7)
  3 bullfrogs
  3 scorpions
  A wyvern skeleton (D:5)
  3 killer bees (D:9)
  3 howler monkeys
  12 wights
  7 centaur zombies
  4 centaur skeletons
  2 hounds
  A jelly (D:3)
  3 orc priests
  Crazy Yiuf (D:2)
  A bullfrog skeleton (D:5)
  An iguana (D:5)
  Terence (D:2)
  7 orc wizards
  A hound skeleton (D:4)
  8 adders
  4 gnolls
  A howler monkey skeleton (D:4)
  9 shadow imps
  3 white imps (D:5)
  3 ufetubi
  An adder skeleton (D:4)
  5 dart slugs
  31 orcs
  10 endoplasms
  3 giant cockroaches
  7 goblins
  7 hobgoblins
  6 jackals
  15 kobolds
  5 quokkas
  3 training dummies (D:4)
  6 ball pythons
  8 bats
  5 frilled lizards
  4 rats
253 creatures vanquished.

Vanquished Creatures (others)
  3 fungi (D:3)
  5 plants (D:3)
  5 withered plants (D:8)
13 creatures vanquished.

Grand Total: 266 creatures vanquished

Notes
Turn   | Place    | Note
-------+----------+-------------------------------------------
     0 | D:1      | YayAnonymity the Gnoll Berserker began the quest for the
                  | Orb.
     0 | D:1      | Reached XP level 1. HP: 23/23 MP: 1/1
   272 | D:1      | Reached XP level 2. HP: 27/29 MP: 2/2
   674 | D:1      | Reached XP level 3. HP: 3/35 MP: 3/3
  1425 | D:2      | You fall into a shaft and drop 1 floor!
  1441 | D:3      | Reached skill level 1 in Invocations
  1520 | D:2      | Reached ** piety under Trog
  1623 | D:2      | Noticed Sigmund
  1643 | D:2      | Reached skill level 1 in Short Blades
  1643 | D:2      | Reached skill level 1 in Long Blades
  1643 | D:2      | Reached skill level 1 in Maces & Flails
  1643 | D:2      | Reached skill level 1 in Polearms
  1643 | D:2      | Reached skill level 1 in Staves
  1643 | D:2      | Reached skill level 1 in Slings
  1643 | D:2      | Reached skill level 1 in Bows
  1643 | D:2      | Reached skill level 1 in Crossbows
  1643 | D:2      | Reached skill level 1 in Throwing
  1643 | D:2      | Reached skill level 1 in Stealth
  1643 | D:2      | Reached skill level 1 in Shields
  1643 | D:2      | Reached skill level 1 in Unarmed Combat
  1643 | D:2      | Reached skill level 1 in Spellcasting
  1643 | D:2      | Reached skill level 1 in Evocations
  1652 | D:2      | Killed Sigmund
  1653 | D:2      | Reached skill level 1 in Conjurations
  1653 | D:2      | Reached skill level 1 in Hexes
  1653 | D:2      | Reached skill level 1 in Summonings
  1653 | D:2      | Reached skill level 1 in Necromancy
  1653 | D:2      | Reached skill level 1 in Translocations
  1653 | D:2      | Reached skill level 1 in Transmutations
  1653 | D:2      | Reached skill level 1 in Fire Magic
  1653 | D:2      | Reached skill level 1 in Ice Magic
  1653 | D:2      | Reached skill level 1 in Air Magic
  1653 | D:2      | Reached skill level 1 in Earth Magic
  1653 | D:2      | Reached skill level 1 in Poison Magic
  1653 | D:2      | Reached XP level 4. HP: 41/41 MP: 4/6
  1653 | D:2      | Reached XP level 5. HP: 47/47 MP: 4/7
  1691 | D:2      | Reached XP level 6. HP: 47/53 MP: 8/8
  1699 | D:2      | Identified the +5 scale mail of the Harp {rC+ rN++}
  1899 | D:2      | Found a shadowy altar of Dithmenos.
  1904 | D:2      | Noticed Terence
  1911 | D:2      | Killed Terence
  2143 | D:2      | Found a runed translucent door.
  2164 | D:2      | Noticed Crazy Yiuf
  2170 | D:2      | Killed Crazy Yiuf
  2171 | D:2      | Reached skill level 5 in Armour
  2171 | D:2      | Reached skill level 5 in Dodging
  2829 | D:3      | Found a faded altar of an unknown god.
  3211 | D:4      | Reached XP level 7. HP: 59/59 MP: 10/10
  3319 | D:4      | Reached *** piety under Trog
  3444 | D:4      | Found a shadowy altar of Dithmenos.
  3593 | D:4      | Found an ancient bone altar of Kikubaaqudgha.
  3634 | D:4      | Found Wefigruj's Firing Range.
  3804 | D:5      | Entered Level 5 of the Dungeon
  3859 | D:4      | Found an iron altar of Okawaru.
  3859 | D:4      | Found a broken altar of Ashenzari.
  3859 | D:4      | Found a bloodstained altar of Trog.
  3859 | D:4      | Found a hide-covered altar of Uskayaw.
  4097 | D:5      | Reached XP level 8. HP: 65/67 MP: 12/12
  4171 | D:5      | Noticed Menkaure
  4178 | D:5      | Killed Menkaure
  4835 | D:6      | Reached XP level 9. HP: 72/72 MP: 14/14
  5121 | D:6      | Found a shimmering altar of Xom.
  5167 | D:6      | Reached **** piety under Trog
  5575 | D:7      | Found a blossoming altar of Fedhas.
  5575 | D:7      | Found a white marble altar of Elyvilon.
  5576 | D:7      | Found Wyim's Antique Armour Boutique.
  5694 | D:7      | Reached skill level 5 in Invocations
  5755 | D:7      | Bought an embroidered cloak for 255 gold pieces
  5935 | D:7      | Found a staircase to the Ecumenical Temple.
  5994 | Temple   | Entered the Ecumenical Temple
  6956 | D:8      | Noticed a hellwing
  6957 | D:8      | Noticed a hellwing
  6968 | D:8      | Killed a hellwing
  6969 | D:8      | Reached XP level 10. HP: 80/80 MP: 17/17
  6996 | D:8      | Reached skill level 5 in Short Blades
  6996 | D:8      | Reached skill level 5 in Long Blades
  6996 | D:8      | Reached skill level 5 in Maces & Flails
  6996 | D:8      | Reached skill level 5 in Polearms
  6996 | D:8      | Reached skill level 5 in Staves
  6996 | D:8      | Reached skill level 5 in Slings
  6996 | D:8      | Reached skill level 5 in Bows
  6996 | D:8      | Reached skill level 5 in Crossbows
  6996 | D:8      | Reached skill level 5 in Throwing
  6996 | D:8      | Reached skill level 5 in Stealth
  6996 | D:8      | Reached skill level 5 in Shields
  6996 | D:8      | Reached skill level 5 in Unarmed Combat
  6996 | D:8      | Reached skill level 5 in Spellcasting
  6996 | D:8      | Reached skill level 5 in Evocations
  7816 | D:9      | Noticed a two-headed ogre
  7934 | D:9      | Killed a two-headed ogre
  7935 | D:9      | Reached XP level 11. HP: 87/87 MP: 19/19
  8031 | D:9      | Found a snail-covered altar of Cheibriados.
  8180 | D:9      | Found Luurchosm's Magic Scroll Shop.
  8186 | D:9      | Bought a scroll of identify for 26 gold pieces
  8186 | D:9      | Bought a scroll of identify for 26 gold pieces
  8485 | D:10     | Entered Level 10 of the Dungeon
  8734 | D:10     | Reached skill level 5 in Conjurations
  8734 | D:10     | Reached skill level 5 in Hexes
  8734 | D:10     | Reached skill level 5 in Summonings
  8734 | D:10     | Reached skill level 5 in Necromancy
  8734 | D:10     | Reached skill level 5 in Translocations
  8734 | D:10     | Reached skill level 5 in Transmutations
  8734 | D:10     | Reached skill level 5 in Fire Magic
  8734 | D:10     | Reached skill level 5 in Ice Magic
  8734 | D:10     | Reached skill level 5 in Air Magic
  8734 | D:10     | Reached skill level 5 in Earth Magic
  8734 | D:10     | Reached skill level 5 in Poison Magic
  8795 | D:10     | Reached ***** piety under Trog
  8847 | D:10     | Identified the +0 robe of the Constellations {Str+5 Int-5
                  | Dex+6}
  8990 | D:10     | Paralysed by a hornet for 1 turns
  9068 | D:10     | Noticed a purple ugly thing
  9094 | D:10     | Noticed Nergalle
  9100 | D:10     | Noticed a spectral orc warlord
  9108 | D:10     | Killed Nergalle
  9562 | D:10     | Killed a purple ugly thing
  9947 | D:11     | Noticed a six-headed hydra
  9958 | D:11     | Noticed a six-headed hydra
 10267 | D:11     | Found a staircase to the Lair.
 10293 | D:11     | Noticed an eight-headed hydra
 10301 | D:11     | Killed an eight-headed hydra
 10544 | D:11     | Noticed a two-headed ogre
 10560 | D:11     | Killed a two-headed ogre
 10561 | D:11     | Reached XP level 12. HP: 29/96 MP: 22/22
 10733 | D:12     | Noticed a boulder beetle
 10740 | D:12     | Found a gate leading to a gauntlet.
 10752 | Gauntlet | Entered a Gauntlet
 10752 | Gauntlet | Noticed a catoblepas
 10752 | Gauntlet | Found a transporter.
 10756 | Gauntlet | Found a transporter.
 10758 | Gauntlet | Found a transporter.
 10763 | Gauntlet | Found a runed translucent door.
 10763 | Gauntlet | Found a runed translucent door.
 10768 | Gauntlet | Found a transporter.
 10771 | Gauntlet | Found a transporter.
 10774 | Gauntlet | Noticed a balrug
 10779 | Gauntlet | Found a transporter.
 10793 | Gauntlet | Noticed a blizzard demon
 10795 | Gauntlet | Found a transporter.
 10806 | Gauntlet | Found a transporter.
 10816 | Gauntlet | Found a transporter.
 10842 | Gauntlet | Found a transporter.
 10843 | Gauntlet | Found a transporter.
 10846 | Gauntlet | Noticed a soul eater
 10851 | Gauntlet | Found a runed translucent door.
 10852 | Gauntlet | Found a transporter.
 10852 | Gauntlet | Found a transporter.
 10853 | Gauntlet | Found a runed translucent door.
 10919 | Gauntlet | Found a transporter.
 10977 | Gauntlet | Killed a catoblepas
 11118 | Gauntlet | Killed a soul eater
 11191 | Gauntlet | HP: 5/145 [death drake/foul vapour (12)]
 11192 | Gauntlet | Engulfed by a death drake's foul pestilence

Illustrated notes

Levels and vault maps discovered:
D:1:      dpeg_arrival_renting, layout_loops_corners
D:2:      layout_rooms, basic_altar, kennysheep_generic_room_6, uniq_terence,
          uniq_sigmund, uniq_crazy_yiuf_cottage
D:3:      layout_basic, shapermc_ecumenical_altar_mp_urbaneastern,
          serial_bayou_pond_e, minmay_misc_feat_cross
D:4:      layout_cave_pools, nicolae_overflow_hidden_temple,
          mainiacjoe_overflow_catwalk, kennysheep_little_box,
          nicolae_shop_firing_range
D:5:      cheibrodos_thug_alley, layout_loops_cross, uniq_menkaure
D:6:      layout_loops_ring, kennysheep_mini_moat
D:7:      layout_rooms, grunt_temple_overflow_open, minmay_temple_entry_waves,
          serial_shops, shop
D:8:      cheibrodos_grave_circle, layout_layer_cave
D:9:      layout_basic, mainiacjoe_overflow_small_starburst, serial_shops, shop
D:10:     kennysheep_spiral_hall, layout_grid_maze,
          kennysheep_opposing_triangles, uniq_nergalle
D:11:     layout_roguey, lair_entry_dummy, minmay_holes
D:12:     minmay_diamond_stairs, layout_rooms, gauntlet_entry_generic
Temple:   minmay_temple_forest_path
Gauntlet: minmay_gauntlet_77_tree [minmay_gauntlet_arena_77_tiled_triplets,
          minmay_gauntlet_arena_77_shame_cube, minmay_gauntlet_arena_77_cramped,
          minmay_gauntlet_arena_77_braids, minmay_gauntlet_arena_77_box,
          minmay_gauntlet_arena_77_checkered, minmay_gauntlet_arena_77_mirror,
          gauntlet_exit_watery]

Skill      XL: |  1  2  3  4  5  6  7  8  9 10 11 12 |
---------------+-------------------------------------+-----
Invocations    | 1 2 3 4 5 6 7 |  7.7
Short Blades   | 1 2 3 4 5 6 7 |  7.0
Long Blades    | 1 2 3 4 5 6 7 |  7.0
Maces & Flails | 1 2 3 4 5 6 7 |  7.0
Polearms       | 1 2 3 4 5 6 7 |  7.0
Staves         | 1 2 3 4 5 6 7 |  7.0
Slings         | 1 2 3 4 5 6 7 |  7.0
Bows           | 1 2 3 4 5 6 7 |  7.0
Crossbows      | 1 2 3 4 5 6 7 |  7.0
Throwing       | 1 2 3 4 5 6 7 |  7.0
Stealth        | 1 2 3 4 5 6 7 |  7.0
Shields        | 1 2 3 4 5 6 7 |  7.0
Unarmed Combat | 1 2 3 4 5 6 7 |  7.0
Spellcasting   | 1 2 3 4 5 6 7 |  7.0
Evocations     | 1 2 3 4 5 6 7 |  7.0
Conjurations   | 1 2 3 4 5 |  5.8
Hexes          | 1 2 3 4 5 |  5.8
Summonings     | 1 2 3 4 5 |  5.8
Necromancy     | 1 2 3 4 5 |  5.8
Translocations | 1 2 3 4 5 |  5.8
Transmutations | 1 2 3 4 5 |  5.8
Fire Magic     | 1 2 3 4 5 |  5.8
Ice Magic      | 1 2 3 4 5 |  5.8
Air Magic      | 1 2 3 4 5 |  5.8
Earth Magic    | 1 2 3 4 5 |  5.8
Poison Magic   | 1 2 3 4 5 |  5.8
Armour         | 5 6 7 8 |  8.5
Dodging        | 5 6 7 8 |  8.5
Fighting       | 7 8 9 |  9.7
Axes           | 7 8 9 |  9.7

Action                   |  1- 3 |  4- 6 |  7- 9 | 10-12 || total
-------------------------+-------+-------+-------+-------++-------
Melee: Hand axe          |    14 |       |     8 |       ||    22
       Whip              |    70 |    95 |   360 |   239 ||   764
       Bite              |     6 |    14 |    52 |    93 ||   165
       Punch             |     1 |     1 |     6 |     7 ||    15
       Falchion          |       |       |       |   276 ||   276
Throw: Dart              |       |     1 |     3 |    10 ||    14
       Throwing net      |       |       |     1 |       ||     1
Invok: Berserk           |     1 |       |     5 |    10 ||    16
       Trog's Hand       |       |       |       |     2 ||     2
       Brothers in Arms  |       |       |       |     1 ||     1
  Use: Scroll            |       |     6 |     9 |     6 ||    21
 Stab: Sleeping          |     1 |       |       |       ||     1
       Held in net/web   |       |       |     1 |       ||     1
Armor: Animal skin       |     4 |       |       |       ||     4
       Ring mail         |    19 |    15 |       |       ||    34
       Scale mail        |       |    42 |   221 |   303 ||   566
Dodge: Dodged            |    39 |    76 |   236 |   279 ||   630
Block: Kite shield       |       |       |       |   171 ||   171

Table legend: (Time is in decaauts)
 A = Elapsed time spent in this place.
 B = Non-inter-level travel time spent in this place.
 C = Inter-level travel time spent in this place.
 D = Time resting spent in this place.
 E = Time spent auto-exploring this place.
 F = Levels seen in this place.
 G = Mean time per level.
                   A        B        C        D        E       F      G
               +--------+--------+--------+--------+--------+-----+--------+
         Total |  11332 |  10166 |   1166 |    585 |   6763 |  14 |  809.4 |
       Dungeon |  10447 |   9303 |   1144 |    481 |   6221 |  12 |  870.6 |
        Temple |    406 |    384 |     22 |      0 |    369 |   1 |  406.0 |
      Gauntlet |    479 |    479 |      0 |    103 |    172 |   1 |  479.0 |
               +--------+--------+--------+--------+--------+-----+--------+

Top non-repeatable levels by time:
     D:1: 1423 daAuts
    D:10: 1405 daAuts
     D:8: 1347 daAuts
     D:3: 1032 daAuts
     D:5: 939 daAuts
     D:6: 838 daAuts
     D:2: 836 daAuts
    D:11: 777 daAuts
     D:9: 655 daAuts
     D:7: 592 daAuts
     D:4: 581 daAuts
Gauntlet: 479 daAuts
  Temple: 406 daAuts
    D:12: 17 daAuts
